[ AOE2 MATCH · #507378324 ]
UnrankedLithuanians vs Vikings
Rival team · LOSS
[ REPLAY ANALYSIS · EXTRACTED FROM THE RECORDED GAME ]
Feudal
9:15
Castle
23:30
Imperial
—
| APM avg | 87.9 |
| APM peak | 119 |
| eAPM avg | 34.8 |
| Villagers / military | 102 / 96 |
Focus
⚔️ 41.1% · 🌾 58.9%
Skirmisher ×50 · Knight ×32 · Monk ×7 · Archer ×5 · Battering Ram ×2
Feudal
9:16
Castle
31:31
Imperial
—
| APM avg | 56.9 |
| APM peak | 77 |
| eAPM avg | 23.8 |
| Villagers / military | 67 / 109 |
Focus
⚔️ 43.4% · 🌾 56.6%
Skirmisher ×44 · Knight ×35 · Spearman ×13 · Militia ×11 · Scout Cavalry ×4 · Archer ×2
Match map
Initial resources + every placement click. Lines = walls · curves = elevation contours. ◆ gold · ⬟ stone · ● berries · ✦ relic · ◌ wall gap
Your base· Open — 7t gap
CNZS_98T's base· ✓ Closed at 31:31 · 68t walls · no gate
Smoothed initial terrain · ◌ = detected wall gap · hover for details
Inputs per minute
— CNZS_MING - - CNZS_98T
Build order — CNZS_MING
First 150 of 341 actions detected
| 0:00 | Queue | Villager (Male) |
| 0:00 | Queue | Villager (Male) |
| 0:00 | Queue | Villager (Male) |
| 0:02 | Build | House |
| 0:04 | Build | House |
| 0:14 | Queue | Villager (Male) |
| 0:14 | Queue | Villager (Male) |
| 0:17 | Queue | Villager (Male) |
| 1:26 | Queue | Villager (Male) |
| 1:49 | Build | Lumber Camp |
| 1:58 | Queue | Villager (Male) |
| 2:29 | Queue | Villager (Male) |
| 2:57 | Queue | Villager (Male) |
| 3:26 | Build | House |
| 3:28 | Queue | Villager (Male) |
| 4:00 | Queue | Villager (Male) |
| 4:08 | Queue | Villager (Male) |
| 4:29 | Queue | Villager (Male) |
| 5:08 | Queue | Villager (Male) |
| 5:24 | Queue | Villager (Male) |
| 5:34 | Build | Barracks |
| 6:00 | Research | Loom |
| 6:33 | Queue | Villager (Male) |
| 6:45 | Build | House |
| 6:48 | Build | Palisade Wall |
| 6:58 | Research | Feudal Age |
| 7:18 | Build | Palisade Wall |
| 7:23 | Build | Palisade Wall |
| 7:25 | Build | Palisade Wall |
| 7:50 | Build | Mining Camp |
| 8:15 | Build | House |
| 8:27 | Build | Palisade Wall |
| 8:28 | Build | Palisade Wall |
| 8:46 | Build | Palisade Wall |
| 9:08 | Queue | Villager (Male) |
| 9:15 | Age | Feudal Age |
| 9:16 | Build | Archery Range |
| 9:18 | Research | Double-Bit Axe |
| 9:18 | Research | Double-Bit Axe |
| 9:31 | Queue | Villager (Male) |
| 9:36 | Build | House |
| 9:39 | Build | Mill |
| 9:58 | Queue | Archer |
| 10:05 | Queue | Villager (Male) |
| 10:11 | Queue | Archer |
| 10:17 | Build | House |
| 10:22 | Build | House |
| 10:25 | Queue | Villager (Male) |
| 10:36 | Build | Blacksmith |
| 10:42 | Queue | Villager (Male) |
| 10:52 | Queue | Archer |
| 10:53 | Build | Palisade Wall |
| 10:58 | Queue | Villager (Male) |
| 11:13 | Queue | Archer |
| 11:16 | Queue | Villager (Male) |
| 11:18 | Build | Farm |
| 11:21 | Build | Palisade Wall |
| 11:32 | Queue | Villager (Male) |
| 11:35 | Queue | Archer |
| 11:45 | Queue | Villager (Male) |
| 11:48 | Build | Farm |
| 11:53 | Build | Farm |
| 12:08 | Build | House |
| 12:21 | Build | Farm |
| 12:36 | Research | Fletching |
| 12:37 | Queue | Skirmisher |
| 12:46 | Queue | Villager (Male) |
| 12:47 | Build | Farm |
| 12:48 | Build | Farm |
| 12:52 | Queue | Skirmisher |
| 13:04 | Build | Palisade Wall |
| 13:12 | Queue | Villager (Male) |
| 13:20 | Build | Palisade Wall |
| 13:25 | Queue | Villager (Male) |
| 13:27 | Build | Farm |
| 13:35 | Build | Farm |
| 13:44 | Build | Farm |
| 13:49 | Queue | Skirmisher |
| 14:11 | Queue | Skirmisher |
| 14:17 | Queue | Villager (Male) |
| 14:18 | Queue | Skirmisher |
| 14:33 | Queue | Skirmisher |
| 14:44 | Queue | Villager (Male) |
| 14:48 | Queue | Skirmisher |
| 14:55 | Build | Farm |
| 14:55 | Build | Farm |
| 14:59 | Queue | Villager (Male) |
| 15:09 | Queue | Skirmisher |
| 15:16 | Queue | Villager (Male) |
| 15:18 | Queue | Skirmisher |
| 15:31 | Build | Lumber Camp |
| 15:39 | Queue | Skirmisher |
| 15:59 | Build | Farm |
| 16:00 | Queue | Villager (Male) |
| 16:06 | Queue | Skirmisher |
| 16:12 | Research | Padded Archer Armor |
| 16:35 | Queue | Villager (Male) |
| 16:36 | Build | Archery Range |
| 16:51 | Build | House |
| 16:53 | Queue | Skirmisher |
| 17:01 | Queue | Skirmisher |
| 17:11 | Queue | Villager (Male) |
| 17:15 | Research | Horse Collar |
| 17:19 | Queue | Skirmisher |
| 17:26 | Queue | Skirmisher |
| 17:50 | Queue | Villager (Male) |
| 17:54 | Queue | Skirmisher |
| 17:54 | Queue | Skirmisher |
| 18:02 | Build | Palisade Wall |
| 18:04 | Queue | Skirmisher |
| 18:08 | Build | Palisade Wall |
| 18:10 | Build | House |
| 18:13 | Build | House |
| 18:16 | Build | Palisade Wall |
| 18:18 | Queue | Skirmisher |
| 18:21 | Queue | Skirmisher |
| 18:31 | Queue | Skirmisher |
| 18:37 | Queue | Skirmisher |
| 18:39 | Queue | Villager (Male) |
| 18:41 | Queue | Villager (Male) |
| 18:45 | Queue | Skirmisher |
| 18:52 | Build | Farm |
| 18:59 | Queue | Skirmisher |
| 19:02 | Queue | Skirmisher |
| 19:16 | Queue | Villager (Male) |
| 19:30 | Queue | Villager (Male) |
| 19:45 | Build | Mill |
| 19:45 | Build | Farm |
| 19:45 | Build | Farm |
| 19:45 | Build | Farm |
| 19:46 | Build | Farm |
| 19:48 | Build | Farm |
| 19:52 | Build | House |
| 19:54 | Build | House |
| 19:56 | Queue | Villager (Male) |
| 19:57 | Build | Stable |
| 20:04 | Queue | Skirmisher |
| 20:10 | Build | House |
| 20:19 | Queue | Villager (Male) |
| 20:33 | Build | Watch Tower |
| 20:50 | Research | Castle Age |
| 20:57 | Queue | Skirmisher |
| 20:57 | Queue | Skirmisher |
| 21:15 | Queue | Skirmisher |
| 21:27 | Queue | Skirmisher |
| 21:30 | Build | House |
| 21:41 | Build | Palisade Wall |
| 21:57 | Queue | Skirmisher |
| 22:12 | Queue | Skirmisher |
| 22:24 | Queue | Skirmisher |
Build order — CNZS_98T
First 150 of 302 actions detected
| 0:00 | Queue | Villager (Male) |
| 0:01 | Queue | Villager (Male) |
| 0:01 | Queue | Villager (Male) |
| 0:01 | Queue | Villager (Male) |
| 0:03 | Build | House |
| 0:04 | Build | House |
| 1:28 | Queue | Villager (Male) |
| 1:51 | Build | Lumber Camp |
| 1:56 | Queue | Villager (Male) |
| 2:16 | Queue | Villager (Male) |
| 2:41 | Queue | Villager (Male) |
| 3:07 | Queue | Villager (Male) |
| 3:34 | Build | House |
| 3:38 | Queue | Villager (Male) |
| 3:38 | Queue | Villager (Male) |
| 4:35 | Queue | Villager (Male) |
| 4:41 | Queue | Villager (Male) |
| 4:41 | Queue | Villager (Male) |
| 4:52 | Queue | Villager (Male) |
| 5:21 | Build | Barracks |
| 5:42 | Build | House |
| 6:13 | Queue | Villager (Male) |
| 6:25 | Build | House |
| 6:33 | Research | Loom |
| 7:06 | Research | Feudal Age |
| 7:28 | Build | Mining Camp |
| 7:29 | Queue | Militia |
| 7:44 | Queue | Militia |
| 8:01 | Queue | Militia |
| 8:32 | Build | Mill |
| 8:55 | Queue | Villager (Male) |
| 9:16 | Age | Feudal Age |
| 9:33 | Queue | Villager (Male) |
| 9:39 | Research | Man-at-Arms (upgrade) |
| 9:45 | Queue | Villager (Male) |
| 9:50 | Build | Archery Range |
| 10:07 | Build | Farm |
| 10:17 | Queue | Villager (Male) |
| 10:21 | Build | Farm |
| 10:33 | Queue | Skirmisher |
| 10:34 | Build | House |
| 10:50 | Build | Farm |
| 10:53 | Queue | Villager (Male) |
| 10:53 | Queue | Villager (Male) |
| 11:08 | Queue | Skirmisher |
| 11:14 | Build | Farm |
| 11:21 | Queue | Villager (Male) |
| 11:21 | Queue | Villager (Male) |
| 11:25 | Build | Farm |
| 11:30 | Queue | Skirmisher |
| 11:49 | Build | Farm |
| 11:50 | Queue | Villager (Male) |
| 11:53 | Build | House |
| 12:02 | Build | Farm |
| 12:06 | Queue | Villager (Male) |
| 12:15 | Queue | Skirmisher |
| 12:17 | Queue | Villager (Male) |
| 12:43 | Queue | Villager (Male) |
| 12:50 | Build | House |
| 12:57 | Queue | Skirmisher |
| 12:57 | Queue | Skirmisher |
| 12:59 | Queue | Villager (Male) |
| 13:11 | Build | Blacksmith |
| 13:30 | Queue | Skirmisher |
| 13:33 | Build | Palisade Wall |
| 13:38 | Build | Palisade Wall |
| 13:41 | Build | Palisade Wall |
| 13:44 | Queue | Villager (Male) |
| 13:52 | Build | House |
| 14:15 | Queue | Villager (Male) |
| 14:17 | Build | House |
| 14:20 | Build | House |
| 14:22 | Build | House |
| 14:23 | Build | Palisade Wall |
| 14:36 | Research | Fletching |
| 14:37 | Queue | Skirmisher |
| 14:47 | Queue | Skirmisher |
| 14:47 | Queue | Skirmisher |
| 14:48 | Queue | Villager (Male) |
| 15:01 | Queue | Skirmisher |
| 15:02 | Queue | Villager (Male) |
| 15:04 | Build | Farm |
| 15:09 | Build | Farm |
| 15:09 | Build | Farm |
| 15:24 | Queue | Skirmisher |
| 15:25 | Queue | Villager (Male) |
| 15:30 | Queue | Skirmisher |
| 15:40 | Queue | Skirmisher |
| 15:49 | Queue | Villager (Male) |
| 15:53 | Build | Farm |
| 16:02 | Queue | Skirmisher |
| 16:08 | Queue | Militia |
| 16:36 | Queue | Villager (Male) |
| 16:40 | Build | Farm |
| 16:40 | Build | Farm |
| 16:42 | Research | Horse Collar |
| 16:48 | Queue | Skirmisher |
| 16:59 | Queue | Skirmisher |
| 17:04 | Queue | Villager (Male) |
| 17:04 | Queue | Villager (Male) |
| 17:08 | Research | Scale Mail Armor |
| 17:08 | Research | Scale Mail Armor |
| 17:15 | Build | Farm |
| 17:19 | Build | Farm |
| 17:24 | Queue | Skirmisher |
| 17:24 | Queue | Skirmisher |
| 17:48 | Queue | Skirmisher |
| 17:49 | Queue | Skirmisher |
| 17:54 | Queue | Villager (Male) |
| 17:55 | Queue | Militia |
| 17:55 | Queue | Militia |
| 18:08 | Queue | Skirmisher |
| 18:09 | Queue | Militia |
| 18:25 | Queue | Skirmisher |
| 18:45 | Queue | Militia |
| 18:47 | Build | Archery Range |
| 19:08 | Queue | Villager (Male) |
| 19:10 | Build | Farm |
| 19:34 | Queue | Skirmisher |
| 19:35 | Queue | Militia |
| 19:36 | Research | Forging |
| 19:37 | Research | Padded Archer Armor |
| 19:38 | Queue | Villager (Male) |
| 19:39 | Queue | Skirmisher |
| 19:45 | Queue | Villager (Male) |
| 19:48 | Build | Lumber Camp |
| 19:56 | Build | Watch Tower |
| 20:02 | Research | Arson |
| 20:06 | Queue | Villager (Male) |
| 20:29 | Queue | Skirmisher |
| 20:29 | Queue | Skirmisher |
| 20:35 | Queue | Villager (Male) |
| 20:43 | Queue | Skirmisher |
| 20:43 | Queue | Skirmisher |
| 20:46 | Queue | Villager (Male) |
| 21:01 | Queue | Villager (Male) |
| 21:03 | Build | House |
| 21:05 | Queue | Militia |
| 21:16 | Queue | Villager (Male) |
| 21:19 | Build | Mining Camp |
| 21:22 | Build | House |
| 21:37 | Queue | Villager (Male) |
| 21:48 | Queue | Skirmisher |
| 21:49 | Queue | Militia |
| 21:54 | Build | House |
| 21:57 | Queue | Villager (Male) |
| 22:01 | Queue | Skirmisher |
| 22:05 | Build | House |
| 22:21 | Queue | Skirmisher |
| 22:31 | Queue | Villager (Male) |
Match timeline
| 5:21 | CNZS_98T · first_building Barracks |
| 5:34 | CNZS_MING · first_building Barracks |
| 6:48 | CNZS_MING · wall_segment Palisade Wall x1 |
| 7:18 | CNZS_MING · wall_segment Palisade Wall x4 |
| 7:23 | CNZS_MING · wall_segment Palisade Wall x2 |
| 7:25 | CNZS_MING · wall_segment Palisade Wall x1 |
| 8:27 | CNZS_MING · wall_segment Palisade Wall x1 |
| 8:28 | CNZS_MING · wall_segment Palisade Wall x1 |
| 8:46 | CNZS_MING · wall_segment Palisade Wall x1 |
| 9:15 | CNZS_MING · age_up feudal |
| 9:16 | CNZS_98T · age_up feudal |
| 9:16 | CNZS_MING · first_building Archery Range |
| 9:50 | CNZS_98T · first_building Archery Range |
| 10:53 | CNZS_MING · wall_segment Palisade Wall x1 |
| 11:21 | CNZS_MING · wall_segment Palisade Wall x1 |
| 13:04 | CNZS_MING · wall_segment Palisade Wall x12 |
| 13:20 | CNZS_MING · wall_segment Palisade Wall x11 |
| 13:33 | CNZS_98T · wall_segment Palisade Wall x6 |
| 13:38 | CNZS_98T · wall_segment Palisade Wall x6 |
| 13:41 | CNZS_98T · wall_segment Palisade Wall x5 |
| 14:23 | CNZS_98T · wall_segment Palisade Wall x1 |
| 18:02 | CNZS_MING · wall_segment Palisade Wall x1 |
| 18:08 | CNZS_MING · wall_segment Palisade Wall x1 |
| 18:16 | CNZS_MING · wall_segment Palisade Wall x1 |
| 19:57 | CNZS_MING · first_building Stable |
| 21:41 | CNZS_MING · wall_segment Palisade Wall x1 |
| 23:04 | CNZS_MING · wall_segment Palisade Wall x1 |
| 23:30 | CNZS_MING · age_up castle |
| 23:44 | CNZS_98T · wall_segment Stone Wall x1 |
| 23:45 | CNZS_98T · wall_segment Stone Wall x1 |
| 23:46 | CNZS_98T · wall_segment Stone Wall x1 |
| 23:46 | CNZS_98T · wall_segment Stone Wall x1 |
| 23:47 | CNZS_98T · wall_segment Stone Wall x1 |
| 25:30 | CNZS_MING · first_building Monastery |
| 26:14 | CNZS_98T · wall_segment Palisade Wall x1 |
| 26:15 | CNZS_98T · wall_segment Palisade Wall x1 |
| 26:17 | CNZS_98T · wall_segment Palisade Wall x1 |
| 26:18 | CNZS_98T · wall_segment Palisade Wall x1 |
| 26:18 | CNZS_98T · wall_segment Palisade Wall x1 |
| 26:19 | CNZS_98T · wall_segment Palisade Wall x1 |
| 26:20 | CNZS_98T · wall_segment Palisade Wall x1 |
| 26:48 | CNZS_98T · wall_segment Palisade Wall x8 |
| 26:49 | CNZS_98T · wall_segment Palisade Wall x6 |
| 26:51 | CNZS_98T · wall_segment Palisade Wall x5 |
| 26:53 | CNZS_98T · wall_segment Palisade Wall x1 |
| 27:52 | CNZS_98T · first_market_buy 100 food |
| 28:04 | CNZS_MING · first_market_buy 100 food |
| 28:24 | CNZS_98T · wall_segment Palisade Wall x1 |
| 28:35 | CNZS_98T · wall_segment Palisade Wall x6 |
| 28:38 | CNZS_98T · wall_segment Palisade Wall x2 |
| 28:42 | CNZS_MING · first_building Siege Workshop |
| 28:45 | CNZS_98T · wall_segment Palisade Wall x1 |
| 28:46 | CNZS_98T · wall_segment Palisade Wall x1 |
| 28:47 | CNZS_98T · wall_segment Palisade Wall x1 |
| 29:12 | CNZS_98T · wall_segment Palisade Wall x1 |
| 29:14 | CNZS_98T · wall_segment Palisade Wall x2 |
| 29:16 | CNZS_98T · wall_segment Palisade Wall x1 |
| 29:17 | CNZS_98T · wall_segment Palisade Wall x1 |
| 29:19 | CNZS_98T · wall_segment Palisade Wall x1 |
| 29:49 | CNZS_98T · first_building Stable |
| 30:48 | CNZS_98T · wall_segment Stone Wall x1 |
| 30:50 | CNZS_98T · wall_segment Stone Wall x2 |
| 31:31 | CNZS_98T · age_up castle |
| 32:40 | CNZS_98T · wall_segment Palisade Wall x1 |
| 35:17 | CNZS_MING · wall_segment Palisade Wall x1 |
| 35:17 | CNZS_98T · first_market_sell 500 wood |
| 38:08 | CNZS_98T · first_building Castle |
| 38:48 | CNZS_98T · resign |
[ AI ANALYSIS · 1 CREDIT ]
What really happened in this match?
Wolo.gg analyzes every decision: build order, eco, micro, common mistakes by bracket. Personalized analysis on WhatsApp or Discord in 30 seconds.
Civ guide
Lithuanians
Perfil
Jugador #1966276